 Dungeon Crawl Stone Soup version 0.29.1-1-gd02db6906a (webtiles) character file.

Game seed: 14903680330556941455

52 Icepheonix32 the Changer (level 3, 0/26 HPs)
             Began as a Merfolk Transmuter on Sept 19, 2022.
             Slain by a gnoll
             ... wielding a +0 spear
              (5 damage)
             ... on level 2 of the Dungeon.
             The game lasted 00:02:33 (1723 turns).

Icepheonix32 the Changer (Merfolk Transmuter)       Turns: 1723, Time: 00:02:33

Health: 0/26       AC:  2    Str: 10    XL:     3   Next: 85%
Magic:  0/6        EV: 13    Int: 14    God:
Gold:   78         SH:  0    Dex: 14    Spells: 1/7 levels left

rFire   . . .      SeeInvis .     - Unarmed
rCold   . . .      Faith    .   (no shield)
rNeg    . . .      Spirit   .   a - +0 robe
rPois   +          Reflect  .   (helmet currently unavailable)
rElec   .          Harm     .   (no cloak)
rCorr   .          Rampage  .   (no gloves)
Will    .....                   (boots currently unavailable)
Stlth   +.........              (no amulet)
HPRegen 0.08/turn               j - ring of wizardry
MPRegen 0.10/turn               b - ring of poison resistance

@: appendages, wereblooded, very slightly contaminated
A: horns 2, (nimble swimmer 2), mertail
a: End Transformation


You were on level 2 of the Dungeon.
You had temporarily grown beastly horns.
You visited 1 branch of the dungeon, and saw 2 of its levels.

You collected 78 gold pieces.

Inventory:

Armour
 a - a +0 robe (worn)
Jewellery
 b - a ring of poison resistance (right hand)
 g - a ring of fire
 h - a ring of see invisible
 j - a ring of wizardry (left hand)
Scrolls
 c - 4 scrolls of identify {unknown}
 d - a scroll of acquirement {unknown}
 i - a scroll of teleportation {unknown}
Potions
 e - a potion of flight {unknown}
 f - a potion of might {unknown}
 k - a potion of magic {unknown}


   Skills:
 + Level 1.1 Fighting
 * Level 3.0 Dodging
 + Level 3.8 Unarmed Combat
 + Level 2.5 Spellcasting
 * Level 4.0 Transmutations


You had one spell level left.
You knew the following spells:

 Your Spells              Type           Power      Damage    Failure   Level
a - Beastly Appendage     Tmut           26%        N/A       1%          1
b - Wereblood             Tmut           13%        N/A       2%          2
c - Spider Form           Tmut/Pois      7%         N/A       12%         3

Your spell library contained the following spells:

 Spells                   Type           Power      Damage    Failure   Level
 Summon Small Mammal      Summ           4%         N/A       9%          1
 Call Canine Familiar     Summ           1%         N/A       26%         3
 Summon Guardian Golem    Hex/Summ       1%         N/A       26%         3
 Ice Form                 Ice/Tmut       7%         N/A       36%         4


Dungeon Overview and Level Annotations

Branches:
Dungeon (2/15)

Altars:


Innate Abilities, Weirdness & Mutations

You have temporarily grown beastly horns.
((You are very nimble when in or above water. (Stealth+, EV+, Speed+++)))
Your lower body shifts to a powerful aquatic tail in water.


Message History

Found a scroll labelled NOXAOXK DONI.
The gnoll shouts! x2
Casting: Beastly Appendage (safe; 1% risk of failure)
Confirm with . or Enter, or press ? or * to list all spells.
Okay, then.
This spell is quite dangerous to cast!
Memorise Spider Form, consuming 3 spell levels and leaving 1?
You start memorising the spell.
You continue memorising. x3
You finish memorising.
Spell assigned to 'c'.
Unknown command.
Casting: Beastly Appendage (safe; 1% risk of failure)
Confirm with . or Enter, or press ? or * to list all spells.
Your blood is infused with primal strength.
The gnoll hits you with a +0 whip. The gnoll misses you.
Unknown command.
Casting: Wereblood (safe; 2% risk of failure)
Confirm with . or Enter, or press ? or * to list all spells.
The spell is quite dangerous to miscast (12% risk of failure)!
Continue anyway?
You miscast Spider Form.
You are very lightly contaminated with residual magic.
Nothing appears to happen.
The gnoll hits you with a +0 whip! The gnoll closely misses you.
Unknown command.
Unknown command.
Casting: Spider Form (quite dangerous; 12% risk of failure)
Confirm with . or Enter, or press ? or * to list all spells.
You grow a pair of large bovine horns.
The gnoll closely misses you.
The gnoll hits you from afar with a +0 spear.
Unknown command.
You hit the gnoll but do no damage. You headbutt the gnoll.
The gnoll is moderately wounded.
The gnoll misses you.
The gnoll hits you from afar with a +0 spear.
* * * LOW HITPOINT WARNING * * *
Unknown command.
You barely miss the gnoll. Your headbutt misses the gnoll.
The gnoll is moderately wounded.
The gnoll misses you.
The gnoll hits you from afar with a +0 spear.
You die...

...#.....#.#..#................#
#..#.....#.#..#.....##'#.......#
#..#.....#.#..#....รท.#.#.......#
...#.....#.#.......#.#'#########
##.#.....#.#.#####.#....#
.#.....#.#.# #...+....# .. #.#.#
#.#.#....# ..# ..#. #.#.#....#
#.# ... #@#......# # #..
#g#......# ####..#g#......# ..
#......g#+#..... ..
#.#...........# .. +.........#..
.. #.........# .. #......!..# ..
...........#


You could see 3 gnolls.

Vanquished Creatures
  A gnoll (D:2)
  2 adders (D:2)
  2 bats
  2 endoplasms
  2 goblins
  2 hobgoblins (D:1)
  2 kobolds
  6 ball pythons
  A frilled lizard (D:1)
  6 rats
26 creatures vanquished.

Vanquished Creatures (others)
  3 plants (D:2)
3 creatures vanquished.

Grand Total: 29 creatures vanquished

Notes
Turn   | Place    | Note
-------+----------+-------------------------------------------
     0 | D:1      | Icepheonix32 the Merfolk Transmuter began the quest for the
                  | Orb.
     0 | D:1      | Reached XP level 1. HP: 15/15 MP: 3/3
    22 | D:1      | Found a faded altar of an unknown god.
   449 | D:1      | Reached XP level 2. HP: 21/21 MP: 3/5
   801 | D:1      | Reached skill level 3 in Transmutations
   999 | D:2      | Learned a level 2 spell: Wereblood
  1023 | D:2      | Reached XP level 3. HP: 6/26 MP: 4/6
  1433 | D:2      | Reached skill level 4 in Transmutations
  1719 | D:2      | Learned a level 3 spell: Spider Form
  1723 | D:2      | Slain by a gnoll

Illustrated notes

Levels and vault maps discovered:
D:1:      dpeg_arrival_water_temple_mockup, layout_loops_ring,
          basic_ecumenical_altar
D:2:      cheibrodos_old_hovel, layout_basic, serial_glass, glass_columns_c,
          glass_columns_a, minmay_hexomino_c4

Skill      XL: |  1  2  3 |
---------------+----------+-----
Transmutations | 3 4 |  4.0
Dodging        | 3 |  3.0
Fighting       | |  1.1
Unarmed Combat | |  3.8
Spellcasting   | |  2.5

Action                   || total
-------------------------++-------
Melee: Unarmed           ||    74
       Headbutt          ||     7
       Punch             ||     3
 Cast: Beastly Appendage ||    19
       Wereblood         ||     1
  Use: Potion            ||     1
Armor: Robe              ||     7
       Skin              ||     3
Dodge: Dodged            ||    51
